 Dungeon Crawl Stone Soup version 0.20-a0-991-g93344ec (webtiles) character file.

2533 MudBrick2 the Skirmisher (level 9, -4/72 HPs)
             Began as a Demonspawn Berserker on Apr 11, 2017.
             Was a Priest of Trog.
             Slain by a hippogriff (9 damage)
             ... on level 7 of the Dungeon.
             The game lasted 00:31:13 (5917 turns).

MudBrick2 the Skirmisher (Demonspawn Berserker)     Turns: 5917, Time: 00:31:13

Health: -4/72      AC: 13    Str: 22    XL:     9   Next: 30%
Magic:  9/9        EV: 14    Int:  8    God:    Trog [***...]
Gold:   269        SH:  0    Dex: 17    Spells: 8/8 levels left

rFire    + . .     SeeInvis .   a - +0 hand axe
rCold    . . .     Gourm    .   (no shield)
rNeg     . . .     Faith    .   q - +0 scale mail
rPois    +         Spirit   .   (no helmet)
rElec    .         Reflect  .   m - +1 cloak
rCorr    .         Harm     .   s - +0 pair of gloves
MR       ++...                  (no boots)
Stlth    ..........             (no amulet)
Regen    1.3/turn               j - ring of poison resistance
MPRegen  0.2/turn               F - ring of protection from fire

@: mighty, exhausted, regenerating, slowed, glowing, very slow
A: claws 2, thin metallic scales 1, powered by pain 1
a: Berserk, Trog's Hand, Burn Spellbooks, Renounce Religion


You were on level 7 of the Dungeon.
You worshipped Trog.
Trog was most pleased with you.
You were not hungry.

You visited 1 branch of the dungeon, and saw 7 of its levels.

You collected 269 gold pieces.

Inventory:

Hand Weapons
 a - a +0 hand axe (weapon)
Missiles
 e - 4 needles of confusion
 v - 2 javelins of returning (quivered)
Armour
 g - a +0 ring mail
 m - a +1 cloak (worn)
 q - a +0 scale mail (worn)
 s - a +0 pair of gloves (worn)
Jewellery
 j - a ring of poison resistance (left hand)
 F - a ring of protection from fire (right hand)
Wands
 u - a wand of flame (45/48)
 A - a wand of polymorph (11/24)
 C - a wand of flame (28/48)
Scrolls
 b - 3 scrolls of recharging
 h - 3 scrolls of teleportation
 i - 3 scrolls of remove curse
 k - 4 scrolls of enchant armour
 l - 7 scrolls of identify
 t - a scroll of amnesia
 y - a scroll of immolation {unknown}
 B - a scroll of enchant weapon {unknown}
Potions
 n - 2 potions of curing
 w - a potion of resistance
 z - 2 potions of cancellation
 E - 2 potions of agility {unknown}
Comestibles
 c - 3 bread rations


   Skills:
 * Level 7.0 Fighting
 * Level 6.3 Axes
 * Level 6.0 Armour
 * Level 6.0 Dodging


You had 8 spell levels left.
You didn't know any spells.

Dungeon Overview and Level Annotations

Branches:
Dungeon (7/15)
 Temple: D:4-7

Altars:
Ashenzari
Elyvilon
Okawaru
Ru
Xom
Yredelemnul
The Shining One

Shops:
D:4 [   D:5 (

Annotations:
D:7 Rrauwl's ghost, novice HaAM


Innate Abilities, Weirdness & Mutations

You have very sharp fingernails.
You are partially covered in thin metallic scales. (AC +2)
You sometimes gain a little power by taking damage.


Message History

Rrauwl's ghost lets out a mournful wail.
Rrauwl's ghost hits you!
* * * LOW HITPOINT WARNING * * *
The hippogriff bites you but does no damage.
The hippogriff closely misses you. The hippogriff claws you.
* * * LOW HITPOINT WARNING * * *
The hippogriff closely misses you. The hippogriff misses you.
The hippogriff claws you but does no damage.
Rrauwl's ghost barely misses you.
You feel better. Rrauwl's ghost hits you!
* * * LOW HITPOINT WARNING * * *
The hippogriff misses you.
The hippogriff pecks you but does no damage.
The hippogriff claws you but does no damage.
You miss Rrauwl's ghost.
Rrauwl's ghost is heavily damaged.
You barely miss the hippogriff. Rrauwl's ghost hits you!
* * * LOW HITPOINT WARNING * * *
The hippogriff bites you!
You die...

....... ....... .......
..........
.......#######..........
.......................
..............# #'#...#
..............# #.#.#.#
......W@).....###.....##
......((H...............
.........((.............
...........[............
........................
..............#####.....
##'############ #..... #
#.# #..... #.#####.#
###############


You could see a hippogriff and Rrauwl's ghost.

Vanquished Creatures
  Pikel (D:4)
  Sigmund (D:3)
  Eustachio (D:4)
  The ghost of MudBrick2 the Chopper, an amateur BaSk (D:3)
  Menkaure (D:4)
  Duvessa (D:5)
  A phantom (D:6)
  An ice beast (D:5)
  A sky beast (D:5)
  2 ogres
  A centaur (D:7)
  Dowan (D:5)
  A water moccasin skeleton (D:6)
  4 wights (D:6)
  3 crimson imps
  A hound (D:5)
  2 jellies
  Crazy Yiuf (D:2)
  A bullfrog skeleton (D:4)
  An orc wizard (D:5)
  4 worker ants
  A hound skeleton (D:7)
  6 adders
  5 gnolls
  5 oozes
  An adder zombie (D:6)
  2 worms
  4 dart slugs
  5 leopard geckos
  3 orcs
  2 ball pythons
  4 bats
  7 giant cockroaches
  9 goblins
  7 hobgoblins
  13 jackals
  10 kobolds
  3 quokkas
  4 frilled lizards
  7 rats
129 creatures vanquished.

Vanquished Creatures (others)
  A crimson imp (D:4)
  An adder (D:4)
2 creatures vanquished.

Grand Total: 131 creatures vanquished

Notes
Turn   | Place    | Note
-------+----------+-------------------------------------------
     0 | D:1      | MudBrick2 the Demonspawn Berserker began the quest for the Orb.
     0 | D:1      | Reached XP level 1. HP: 18/18 MP: 1/1
    86 | D:1      | Gained mutation: You are partially covered in thin metallic scales. (AC +2) [demonic ancestry]
    86 | D:1      | Reached XP level 2. HP: 16/24 MP: 2/2
   764 | D:1      | Gained mutation: You sometimes gain a little power by taking damage. [demonic ancestry]
   764 | D:1      | Reached XP level 3. HP: 28/29 MP: 3/3
   767 | D:1      | Reached ** piety under Trog
  1307 | D:2      | Reached XP level 4. HP: 34/35 MP: 4/4
  1527 | D:2      | Found a runed door.
  2111 | D:2      | Noticed Crazy Yiuf
  2116 | D:2      | Killed Crazy Yiuf
  2116 | D:2      | Reached XP level 5. HP: 42/42 MP: 5/5
  2204 | D:3      | Noticed MudBrick2's ghost (amateur BaSk)
  2318 | D:3      | Killed MudBrick2's ghost
  2318 | D:3      | Reached skill level 4 in Fighting
  2318 | D:3      | Reached XP level 6. HP: 41/48 MP: 6/6
  2447 | D:3      | Reached *** piety under Trog
  2523 | D:3      | Received a gift from Trog
  2529 | D:3      | Noticed Sigmund
  2544 | D:3      | Killed Sigmund
  2901 | D:4      | Noticed Menkaure
  2912 | D:4      | Killed Menkaure
  2912 | D:4      | Reached XP level 7. HP: 51/55 MP: 7/7
  2999 | D:4      | Reached skill level 5 in Fighting
  3030 | D:4      | Found Kasheq's Armour Emporium.
  3090 | D:4      | Noticed Eustachio
  3106 | D:4      | Killed Eustachio
  3168 | D:4      | Noticed Pikel
  3183 | D:4      | Killed Pikel
  3183 | D:4      | Reached skill level 5 in Axes
  3183 | D:4      | Reached skill level 5 in Dodging
  3183 | D:4      | Gained mutation: You have sharp fingernails. [demonic ancestry]
  3183 | D:4      | Reached XP level 8. HP: 64/64 MP: 8/8
  3507 | D:4      | Found a shimmering altar of Xom.
  3599 | D:4      | Reached skill level 5 in Armour
  3658 | D:5      | Entered Level 5 of the Dungeon
  3750 | D:5      | Reached skill level 6 in Fighting
  4391 | D:5      | Noticed Duvessa
  4391 | D:5      | Noticed Dowan
  4404 | D:5      | Killed Duvessa
  4411 | D:5      | Killed Dowan
  4545 | D:5      | Found a sacrificial altar of Ru.
  4625 | D:5      | Gained mutation: You have very sharp fingernails. [demonic ancestry]
  4625 | D:5      | Reached XP level 9. HP: 71/71 MP: 9/9
  4691 | D:5      | Found Tucvif's Weapon Shoppe.
  5127 | D:6      | Found a basalt altar of Yredelemnul.
  5160 | D:6      | Found a white marble altar of Elyvilon.
  5179 | D:6      | Found a shattered altar of Ashenzari.
  5215 | D:6      | Found an iron altar of Okawaru.
  5284 | D:6      | Found a glowing golden altar of the Shining One.
  5889 | D:7      | Noticed Rrauwl's ghost (novice HaAM)
  5913 | D:7      | Reached skill level 7 in Fighting
  5917 | D:7      | Slain by a hippogriff

Vault maps used:
D:1:      dpeg_arrival_pond
D:2:      first_bread, kennysheep_generic_room_7, uniq_crazy_yiuf_cottage
D:3:      uniq_sigmund
D:4:      serial_shops, nicolae_shop_waterfront, led_xom_imps, uniq_eustachio,
          uniq_menkaure, uniq_pikel
D:5:      nicolae_ru_great_annihilating_truth, serial_shops, kennysheep_mini,
          uniq_duvessa
D:6:      yredelemnul_altar_generic, lemuel_doored_altar, kennysheep_little_box,
          elyvilon_altar_4, nicolae_tso_swordbearing_angel, kennysheep_dice
D:7:      minmay_temple_entry_crystal_x, enter_ossuary_2,
          hangedman_feature_mirror

Skill      XL: |  1  2  3  4  5  6  7  8  9 |
---------------+----------------------------+-----
Dodging        | 2 3 4 5 6 |  6.0
Armour         | 2 3 4 5 6 |  6.0
Axes           | 3 4 5 6 |  6.3
Fighting       | 4 5 6 7 |  7.0

Action                   |  1- 3 |  4- 6 |  7- 9 || total
-------------------------+-------+-------+-------++-------
Melee: Hand axe          |    91 |   161 |   273 ||   525
Invok: Berserk           |     3 |     6 |    11 ||    20
       Trog's Hand       |       |     2 |     4 ||     6
       Burn Spellbooks   |       |     1 |     1 ||     2
  Use: Scroll            |       |       |    13 ||    13
       Potion            |       |       |     3 ||     3
 Stab: Invisible         |       |       |     1 ||     1
       Paralysed         |       |       |     1 ||     1
  Eat: Chunk             |     4 |     8 |    14 ||    26
       Royal jelly       |       |     1 |     4 ||     5
       Bread ration      |       |       |     1 ||     1
Armor: Animal skin       |    26 |       |       ||    26
       Ring mail         |    36 |    44 |       ||    80
       Scale mail        |       |     6 |   131 ||   137
Dodge: Dodged            |    99 |   118 |   177 ||   394
